 Dungeon Crawl Stone Soup version 0.31-a0-691-g409c26aa35 (webtiles) character file.

Game seed: 2716014641291442049

5592 heikuro the Cleaver (level 11, -8/86 HPs)
             Began as a Formicid Fighter on Sept 6, 2023.
             Was a Priest of Okawaru.
             Mangled by a swamp worm (17 damage)
             ... on level 8 of the Dungeon.
             The game lasted 00:21:21 (8694 turns).

heikuro the Cleaver (Formicid Fighter)              Turns: 8694, Time: 00:21:22

Health: -8/86      AC: 17    Str: 25    XL:     11   Next: 2%
Magic:  12/14      EV: 11    Int:  8    God:    Okawaru [***...]
Gold:   566        SH:  8    Dex: 13    Spells: 10/10 levels left

rFire   + . .        a - +2 war axe (flame)
rCold   . . .        c - +0 buckler
rNeg    . . .        t - +0 chain mail
rPois   .            (helmet unavailable)
rElec   .            K - +2 cloak {rCorr}
rCorr   +            (no gloves)
SInv    +            D - +0 pair of boots
Will    +....        (no amulet) Stlth
                     k - ring of protection from fire
HPRegen 0.34/turn    (no ring)
MPRegen 0.14/turn

%: no passive effects
@: heroic, very slow
A: permanent stasis, dig shafts and tunnels, antennae 3, four strong arms
a: Dig, Shaft Self, Renounce Religion, Heroism


You were on level 8 of the Dungeon.
You worshipped Okawaru.
Okawaru was most pleased with you.
You visited 2 branches of the dungeon, and saw 9 of its levels.

You collected 566 gold pieces.

Inventory:

Hand Weapons
 a - a +2 war axe of flaming (weapon)
 b - a +3 spear of venom
 I - a +3 flail of venom
Missiles
 y - 3 curare-tipped darts
 A - 2 poisoned darts
 H - a throwing net
Armour
 c - a +0 buckler (worn)
 t - a +0 chain mail (worn)
 D - a +0 pair of boots (worn)
 K - a +2 cloak of preservation (worn)
Jewellery
 k - a ring of protection from fire (left hand)
Wands
 C - a wand of digging (5)
 E - a wand of light (6)
 G - a wand of polymorph (11)
 J - a wand of flame (14)
Scrolls
 e - 2 scrolls of torment {unknown}
 g - a scroll of amnesia {unknown}
 i - 5 scrolls of enchant weapon {unknown}
 j - 3 scrolls of vulnerability
 m - a scroll of fear {unknown}
 n - a scroll of blinking {unknown}
 s - 5 scrolls of teleportation {unknown}
 u - a scroll of fog {unknown}
 v - 3 scrolls of enchant armour {unknown}
 w - 2 scrolls of noise {unknown}
 x - a scroll of acquirement {unknown}
 B - a scroll of poison
Potions
 d - 3 potions of might
 f - 2 potions of heal wounds
 h - 4 potions of curing
 l - a potion of brilliance
 o - 4 potions of lignification
 p - a potion of attraction
 q - 3 potions of resistance
 r - 2 potions of mutation {unknown}
 z - a potion of enlightenment {unknown}
 F - 2 potions of invisibility {unknown}


   Skills:
 + Level 8.1(13.1) Fighting
 * Level 9.8(14.8) Axes
 + Level 8.1(13.1) Armour
 + Level 9.6(14.6) Shields
 + Level 5.1 Invocations


You had 10 spell levels left.
You didn't know any spells.
Your spell library contained the following spells:

 Spells                   Type           Power      Damage    Failure   Level
 Cigotuvi's Dreadful Rot  Necr/Pois/Air  0%         N/A       95%         2
 Inner Flame              Hex/Fire       0%         N/A       99%         3
 Portal Projectile        Hex/Tloc       0%         N/A       99%         3
 Dispel Undead            Necr           0%         3d6       100%        4
 Leda's Liquefaction      Hex/Erth       0%         N/A       100%        4
 Manifold Assault         Tloc           0%         N/A       100%        4
 Arcjolt                  Conj/Air       0%         1d10      100%        5
 Yara's Violent Unravell  Hex/Tmut       0%         3d3       100%        5
 Plasma Beam              Fire/Air       0%         2x1d10    100%        6
 Enfeeble                 Hex            0%         N/A       100%        7
 Orb of Destruction       Conj           0%         9d5       100%        7
 Blink                    Tloc           Unusable   N/A       N/A         2
 Call Canine Familiar     Summ           Unusable   N/A       N/A         3
 Summon Guardian Golem    Hex/Summ       Unusable   N/A       N/A         3
 Vhi's Electric Charge    Tloc/Air       Unusable   N/A       N/A         4
 Death Channel            Necr           Unusable   N/A       N/A         6
 Malign Gateway           Summ/Tloc      Unusable   N/A       N/A         7
 Spellforged Servitor     Conj/Summ      Unusable   N/A       N/A         7
 Summon Horrible Things   Summ           Unusable   N/A       N/A         8

Dungeon Overview and Level Annotations

Branches:
Dungeon (8/15)             Temple (1/1) D:5
   Lair: D:8-11

Altars:
Ashenzari
Cheibriados
Dithmenos
Elyvilon
Fedhas
Hepliaklqana
Kikubaaqudgha
Nemelex Xobeh
Okawaru
Qazlal
Ru
Sif Muna
Uskayaw
Vehumet
Wu Jian
Xom
Yredelemnul
The Shining One

Shops:
D:2 (?(:   D:4 [

Annotations:
D:5 quasit with items
D:7 Jeremiah


Innate Abilities, Weirdness & Mutations

You cannot be hasted, slowed, berserked, paralysed or teleported.
You can dig through walls and to a lower floor.
You have a pair of large antennae on your head. (SInv)
Your four strong arms can wield two-handed weapons with a shield.


Message History

Unknown command.
You completely miss the swamp worm.
The swamp worm is moderately wounded.
The swamp worm bites you.
Unknown command.
You closely miss the swamp worm.
The swamp worm is moderately wounded.
The swamp worm bites you!!
* * * LOW HITPOINT WARNING * * *
Your unstable footing causes you to fumble your attack.
The swamp worm bites you but does no damage.
Unknown command.
You closely miss the swamp worm.
The swamp worm is moderately wounded.
The swamp worm bites you.
* * * LOW HITPOINT WARNING * * *
Unknown command.
You gain the combat prowess of a mighty hero.
You block the swamp worm's attack.
You miss the swamp worm.
The swamp worm is moderately wounded.
The swamp worm bites you but does no damage.
Unknown command.
Your unstable footing causes you to fumble your attack.
The swamp worm closely misses you.
You puncture the swamp worm!
The swamp worm looks as sick as possible!
The swamp worm is heavily wounded.
Your +3 spear of venom stops dripping with poison.
Your +2 war axe of flaming bursts into flame!
a - a +2 war axe of flaming (weapon)
The swamp worm bites you.
* * * LOW HITPOINT WARNING * * *
Your unstable footing causes you to fumble your attack.
The swamp worm misses you.
You hit the swamp worm but do no damage.
The swamp worm is heavily wounded.
You slash the plant!
The plant begins to die.
You burn the plant. The swamp worm bites you!
You die...

###### ###.##.# #####
######....#.###...####
..##............~w~~~##
..##...#.#..##.~@†~~~~#
.........##.###~≈P~P≈~#
.......#.....#~~##~##~~#
......##....#~~~#~~~# ~~
..#........##~≈## ~~# ~
..#..........~~# ~~
...(.........~≈# ~##
#............~~
..............~


You could see a swamp worm (extremely poisoned).

Vanquished Creatures
  Erica (D:8)
  A two-headed ogre (D:8)
  A cyclops (D:7)
  Maurice (D:8)
  6 yaks
  Menkaure (D:6)
  A swamp worm (D:8)
  A water moccasin (D:8)
  3 orc warriors
  3 ice beasts
  2 sky beasts
  A black bear (D:6)
  2 ogres
  A phantom (D:5)
  2 bullfrogs
  3 scorpions
  4 wights (D:7)
  4 quasits (D:5)
  An orc priest (D:6)
  4 hounds
  2 gnoll boudas (D:7)
  2 iguanas
  A sleepcap (D:8)
  7 orc wizards
  12 gnolls
  16 adders
  A shadow imp (D:7)
  2 white imps
  An ufetubus (D:3)
  2 worms
  3 dart slugs
  20 orcs
  2 bats (D:2)
  7 endoplasms
  3 giant cockroaches
  8 goblins
  8 hobgoblins
  2 quokkas (D:2)
  6 ball pythons
  8 frilled lizards
  9 kobolds
  A rat (D:3)
166 creatures vanquished.

Notes
Turn   | Place    | Note
-------+----------+-------------------------------------------
     0 | D:1      | heikuro the Formicid Fighter began the quest for the Orb.
     0 | D:1      | Reached XP level 1. HP: 18/18 MP: 1/1
   287 | D:1      | Reached XP level 2. HP: 16/24 MP: 2/2
   357 | D:1      | Found a faded altar of an unknown god.
   999 | D:2      | Reached XP level 3. HP: 21/29 MP: 3/3
  1058 | D:2      | Found Vicurock's Book Boutique.
  1235 | D:2      | Found Syiruur's Weapon Emporium.
  1272 | D:2      | Found Veofe's Antique Weapon Emporium.
  1479 | D:2      | Found Esaohesi's Magic Scroll Shop.
  1670 | D:2      | Reached XP level 4. HP: 37/37 MP: 4/4
  2028 | D:3      | Reached XP level 5. HP: 41/42 MP: 5/5
  2275 | D:3      | Found a hazy altar of Hepliaklqana.
  2897 | D:4      | Reached skill level 5 in Shields
  2907 | D:4      | Reached XP level 6. HP: 39/48 MP: 6/6
  3199 | D:4      | Found Cohoquod's Antique Armour Shoppe.
  3605 | D:5      | Entered Level 5 of the Dungeon
  3830 | D:5      | Reached XP level 7. HP: 55/55 MP: 7/7
  4075 | D:5      | Reached skill level 5 in Axes
  4132 | D:5      | Reached skill level 5 in Fighting
  4132 | D:5      | Reached skill level 5 in Armour
  4312 | D:5      | Found a staircase to the Ecumenical Temple.
  4322 | Temple   | Entered the Ecumenical Temple
  4334 | Temple   | Became a worshipper of Warmaster Okawaru
  4872 | D:6      | Reached XP level 8. HP: 62/62 MP: 8/8
  5434 | D:6      | Noticed a yak
  5435 | D:6      | Noticed a yak
  5620 | D:5      | Killed a yak
  5620 | D:5      | Reached * piety under Okawaru
  5732 | D:6      | Noticed a yak
  5734 | D:6      | Noticed a yak
  5738 | D:6      | Noticed a yak
  5738 | D:6      | Noticed a yak
  5753 | D:5      | Killed a yak
  5754 | D:5      | Reached XP level 9. HP: 49/69 MP: 9/9
  6093 | D:6      | Reached ** piety under Okawaru
  6094 | D:6      | Reached skill level 1 in Invocations
  7013 | D:7      | Noticed a cyclops
  7021 | D:7      | HP: 1/71 [cyclops (5)]
  7022 | D:7      | Killed a cyclops
  7023 | D:7      | Reached XP level 10. HP: 2/79 MP: 9/12
  7334 | D:7      | Noticed Menkaure
  7346 | D:6      | Killed Menkaure
  7810 | D:7      | Noticed Jeremiah
  8224 | D:8      | Noticed a two-headed ogre
  8239 | D:8      | Killed a two-headed ogre
  8239 | D:8      | Reached *** piety under Okawaru
  8258 | D:8      | Noticed Maurice
  8281 | D:8      | Killed Maurice
  8332 | D:8      | Noticed Erica
  8372 | D:8      | Killed Erica
  8373 | D:8      | Reached skill level 5 in Invocations
  8373 | D:8      | Reached XP level 11. HP: 31/86 MP: 14/14
  8694 | D:8      | Mangled by a swamp worm

Illustrated notes

Levels and vault maps discovered:
D:1:      beargit_arrival_greenhouse, layout_basic,
          shapermc_ecumenical_altar_mp_ritualfount
D:2:      layout_basic, serial_shops, nicolae_shop_back_alley_shop, shop,
          nicolae_shop_stone, shop
D:3:      kennysheep_six_static_rooms, layout_loops_ring,
          nicolae_hepliaklqana_hazy_memory, minmay_misc_feat_secret_circle
D:4:      layout_loops_ring, serial_shops, nicolae_shop_rolling_square,
          grunt_ministairs_4, reono_crystal_passage
D:5:      cheibrodos_quashed, layout_rooms, temple_hall, serial_corexii_hall,
          chequers_hall_statues_corner_a, corexii_hall_statues_deadend,
          corexii_hall_statues_x, chequers_avenue, guppyfry_early_lair_pool
D:6:      layout_cave_pools, serial_glass, glass_columns_a, glass_columns_b,
          glass_columns_b, glass_columns_a, glass_columns_c, glass_columns_b,
          feat_on_display, item_on_display_a, feat_on_display,
          item_on_display_a, hangedman_decor_opposing
D:7:      layout_loops_ring, uniq_menkaure, uniq_jeremiah,
          uniq_crazy_yiuf_cottage
D:8:      layout_cave_pools, serial_park, serial_park_tiny_pond,
          serial_park_tiny_pond, serial_park_avenue1, serial_park_avenue1,
          worms_lemuel, uniq_erica, uniq_maurice
Temple:   nicolae_temple_bog_church

Skill      XL: |  1  2  3  4  5  6  7  8  9 10 |
---------------+-------------------------------+-----
Axes           | 3 4 5 7 8 9 |  9.8
Fighting       | 4 5 6 7 8 |  8.1
Armour         | 4 5 6 7 8 |  8.1
Shields        | 5 6 7 8 9 |  9.6
Invocations    | 3 5 |  5.1

Action                     |  1- 3 |  4- 6 |  7- 9 | 10-12 || total
---------------------------+-------+-------+-------+-------++-------
  Melee: War axe           |    94 |   149 |    65 |    35 ||   343
         Spear             |       |    16 |   191 |   125 ||   332
  Throw: Dart              |       |     6 |     3 |     2 ||    11
 Invoke: Heroism           |       |       |     2 |     5 ||     7
Ability: Dig               |       |       |     4 |       ||     4
    Use: Scroll            |     2 |     3 |     2 |     2 ||     9
 Armour: Scale mail        |    71 |    27 |       |       ||    98
         Chain mail        |       |   102 |   227 |    78 ||   407
  Dodge: Dodged            |    49 |    63 |    94 |    33 ||   239
  Block: Buckler           |    29 |    37 |    74 |    17 ||   157

Table legend: (Time is in decaauts)
 A = Elapsed time spent in this place.
 B = Non-inter-level travel time spent in this place.
 C = Inter-level travel time spent in this place.
 D = Time resting spent in this place.
 E = Time spent auto-exploring this place.
 F = Levels seen in this place.
 G = Mean time per level.
                   A        B        C        D        E       F      G
               +--------+--------+--------+--------+--------+-----+--------+
         Total |   8750 |   8257 |    493 |   1867 |   3531 |   9 |  972.2 |
       Dungeon |   8725 |   8254 |    471 |   1867 |   3531 |   8 | 1090.6 |
        Temple |     24 |      2 |     22 |      0 |      0 |   1 |   24.0 |
               +--------+--------+--------+--------+--------+-----+--------+

Top non-repeatable levels by time:
     D:5: 2099 daAuts
     D:6: 1318 daAuts
     D:1: 1024 daAuts
     D:4: 1009 daAuts
     D:3: 883 daAuts
     D:7: 848 daAuts
     D:2: 819 daAuts
     D:8: 722 daAuts
  Temple: 24 daAuts
